 Dungeon Crawl Stone Soup version 0.22.0 (webtiles) character file.

14 Lew the Skirmisher (level 2, 0/26 HPs)
             Began as a Formicid Abyssal Knight on Aug 10, 2018.
             Was an Initiate of Lugonu.
             Succumbed to an adder's poison
             ... on level 2 of the Dungeon.
             The game lasted 00:04:37 (1172 turns).

Lew the Skirmisher (Formicid Abyssal Knight)        Turns: 1172, Time: 00:04:37

Health: 0/26       AC:  3    Str: 16    XL:     2   Next: 60%
Magic:  5/5        EV: 11    Int: 11    God:    Lugonu [......]
Gold:   65         SH:  0    Dex: 10    Spells: 1/1 levels left

rFire    . . .     SeeInvis +   a - +1 falchion
rCold    . . .     Gourm    .   (no shield)
rNeg     . . .     Faith    .   b - +0 leather armour
rPois    .         Spirit   .   (helmet unavailable)
rElec    .         Reflect  .   h - scarf {repulsion}
rCorr    .         Harm     .   (no gloves)
MR       .....                  (no boots)
Stlth    ++........             (no amulet)
HPRegen  0.08/turn              (no ring)
MPRegen  0.09/turn              (no ring)

@: lethally poisoned (0 -> -11), repel missiles
A: permanent stasis, dig shafts and tunnels, four strong arms, antennae 3
a: Dig, Shaft Self, Renounce Religion


You were on level 2 of the Dungeon.
You worshipped Lugonu.
Lugonu was noncommittal.
You were not hungry.

You visited 1 branch of the dungeon, and saw 2 of its levels.
You visited the Abyss 1 time.

You collected 65 gold pieces.

Inventory:

Hand Weapons
 a - a +1 falchion (weapon)
Missiles
 d - 8 javelins (quivered)
Armour
 b - a +0 leather armour (worn)
 h - a scarf of repulsion (worn)
Scrolls
 i - a scroll of amnesia {unknown}
 j - a scroll of identify {unknown}
Potions
 e - 2 potions of curing {unknown}
 f - a potion of might {unknown}
 g - a potion of mutation {unknown}
 k - a potion of invisibility {unknown}


   Skills:
 * Level 4.9 Fighting
 * Level 3.8 Long Blades
 * Level 4.1 Armour
 + Level 0.8 Dodging
 * Level 4.1 Stealth
 + Level 4.4 Invocations


You had one spell level left.
You didn't know any spells.
Your spell library was empty.

Dungeon Overview and Level Annotations

Branches:
Dungeon (2/15)

Altars:


Innate Abilities, Weirdness & Mutations

You cannot be hasted, slowed, berserked, paralysed or teleported.
You can dig through walls and to a lower floor.
Your four strong arms can wield two-handed weapons with a shield.
You have a pair of large antennae on your head. (SInv)


Message History

You barely miss the adder.
The adder is almost dead.
The adder misses you.
You riposte.
You closely miss the adder.
The adder is almost dead.
The adder bites you.
* * * LOW HITPOINT WARNING * * *
You are more poisoned.
The adder poisons you!
You hit the adder.
The adder is almost dead.
* * * LOW HITPOINT WARNING * * *
You feel sick. The adder bites you.
* * * LOW HITPOINT WARNING * * *
You hit the adder but do no damage.
The adder is almost dead.
* * * LOW HITPOINT WARNING * * *
You feel sick. The adder closely misses you. The adder barely misses you.
You hit the adder but do no damage.
The adder is almost dead.
You die...

# ####.#.##
##<.......
#.@......#
#..S.....#
#........#
#........#
#........+
{.....$...#
..........
....#######


You could see an adder.

Vanquished Creatures
  A leopard gecko (D:1)
  A bat (D:1)
  A goblin (D:1)
  2 kobolds (D:1)
  2 rats (D:1)
7 creatures vanquished.

Notes
Turn   | Place    | Note
-------+----------+-------------------------------------------
     0 | Abyss:1  | Lew the Formicid Abyssal Knight began the quest for the Orb.
     0 | Abyss:1  | Reached XP level 1. HP: 18/18 MP: 2/2
    96 | Abyss:1  | Noticed a green death
   120 | Abyss:1  | Found a snail-covered altar of Cheibriados.
   203 | Abyss:1  | Found a corrupted altar of Lugonu.
   271 | Abyss:1  | Found a corrupted altar of Lugonu.
   285 | Abyss:1  | Noticed a large abomination
   308 | Abyss:1  | Reached XP level 2. HP: 26/26 MP: 3/5
   309 | D:1      | Escaped the Abyss
  1171 | D:2      | HP: 1/26 [poisoned by an adder]
  1172 | D:2      | Succumbed to an adder's poison

Skill      XL: |  1 |
---------------+----+-----
Fighting       | 4 |  4.9
Long Blades    | 3 |  3.8
Armour         | 4 |  4.1
Stealth        | 4 |  4.1
Invocations    | 4 |  4.4
Dodging        | |  0.8

Action                   || total
-------------------------++-------
Melee: Falchion          ||    32
Invok: Depart the Abyss  ||     1
 Abil: Dig               ||     3
  Use: Potion            ||     1
 Stab: Sleeping          ||     4
  Eat: Ration            ||     1
Armor: Leather armour    ||     8
Dodge: Dodged            ||    18
       Rpst.: Falchion   ||     3
